 Dungeon Crawl Stone Soup version 0.28-a0-793-g31680bbd8b (webtiles) character file.

Game seed: 18417820808599475128

270 spiderkeys the Skirmisher (level 6, 0/38 HPs)
             Began as a Tengu Abyssal Knight on Nov 3, 2021.
             Was a Believer of Lugonu.
             Slain by a black bear (11 damage)
             ... on level 4 of the Dungeon.
             The game lasted 00:08:32 (4792 turns).

spiderkeys the Skirmisher (Tengu Abyssal Knight)    Turns: 4792, Time: 00:08:32

Health: 0/38       AC:  3    Str: 13    XL:     6   Next: 22%
Magic:  5/9        EV: 15    Int: 11    God:    Lugonu [**....]
Gold:   164        SH:  0    Dex: 16    Spells: 1/5 levels left

rFire   . . .      SeeInvis .   a - +1 spear
rCold   . . .      Faith    .   (no shield)
rNeg    . . .      Spirit   .   o - +0 leather armour
rPois   .          Reflect  .   (helmet restricted)
rElec   .          Harm     .   (no cloak)
rCorr   .          Rampage  .   (no gloves)
Will    +....                   (boots unavailable)
Stlth   +.........              (no amulet)
HPRegen 0.12/turn               i - ring of willpower
MPRegen 0.11/turn               Z - ring of wizardry

@: flying quickly and evasively, quick
A: beak, talons 3, nimble flight
a: Renounce Religion, Depart the Abyss, Bend Space


You were on level 4 of the Dungeon.
You worshipped Lugonu.
Lugonu was pleased with you.
You visited 1 branch of the dungeon, and saw 4 of its levels.
You visited the Abyss 1 time.

You collected 164 gold pieces.


Innate Abilities, Weirdness & Mutations

You have a beak for a mouth.
You have claws for feet.
Your magical nature lets you fly swiftly and evasively.


   Skills:
 + Level 4.0 Fighting
 + Level 3.6 Polearms
 - Level 2.1 Armour
 + Level 3.0 Dodging
 + Level 2.7 Summonings
 + Level 2.9 Invocations


You had one spell level left.
You knew the following spells:

 Your Spells              Type           Power      Damage    Failure   Level
c - Call Canine Familiar  Summ           6%         N/A       17%         3
z - Summon Small Mammal   Summ           24%        N/A       6%          1

Your spell library contained the following spells:

 Spells                   Type           Power      Damage    Failure   Level
 Freeze                   Ice            0%         1d3       17%         1
 Summon Guardian Golem    Hex/Summ       3%         N/A       30%         3
 Frozen Ramparts          Ice            0%         1d2       45%         3
 Hailstorm                Conj/Ice       0%         3d3       85%         4
 Chain Lightning          Conj/Air       0%         N/A       100%        9
 Fire Storm               Conj/Fire      0%         5d1       100%        9
 Shatter                  Erth           0%         3d5*      100%        9

Inventory:

Hand Weapons
 a - a +1 spear (weapon)
 b - a +0 hunting sling
   (You found it on level 2 of the Dungeon)
Missiles
 c - 55 sling bullets
 e - 90 arrows
 g - 96 stones
 m - 18 bolts
 p - 6 javelins
 q - 2 curare-tipped darts {=f}
Armour
 o - a +0 leather armour (worn)
Jewellery
 i - a ring of willpower (left hand)
   (You found it on level 1 of the Dungeon)
 Z - a ring of wizardry (right hand)
   (You found it on level 1 of the Dungeon)
Wands
 d - a wand of charming (10)
   (You found it on level 2 of the Abyss)
Scrolls
 j - a scroll of blinking {!r}
 l - a scroll of vulnerability {!r!r}
 n - 2 scrolls of teleportation {unknown}
Potions
 f - 2 potions of curing {@q1}
 h - 2 potions of brilliance {unknown}
 k - a potion of invisibility

Dungeon Overview and Level Annotations

Branches:
Dungeon (4/15)
 Temple: D:4-7

Altars:
Nemelex Xobeh

Annotations:
D:3 Menkaure
D:4 exclusion: hornet

.# ##.#####...#.## ## .#
#l# ##...# .. .# #g#
##.## #.# .# #.# #.#
###.. .# ##h#######.##
..... ##
#...........#### #.#.###
#..#######.h...###.#...#
#..# ##h...).[.#..# #..#
#@.#.###...# #..# #..#.#
#...# #..##### #..#.#
#r##.. #......####..#.#
#.# .## #.####.......#.#
#.. . #.# ######.##..
... #. #.# #.#### ... ##
#.#########.# ###
#...........#


You could see a black bear (berserk, ally target) and a friendly hound
(summoned).


Message History

r - Retreat! s - Stop attacking. g - Guard the area. f - Follow me.
Anything else - Cancel.
Gang up on whom?
Press: ? - help, Dir - move target, f - hound
Aim: a hound (ally target) Attack!
The hound misses your hound.
Your hound barely misses the hound.
The hound misses your hound.
You could not reach far enough!
The hound bites your hound.
Your hound bites the hound.
You could not reach far enough!
Your hound bites the hound.
The hound bites your hound.
You could not reach far enough!
Your hound bites the hound but does no damage.
The hound barely misses your hound.
The hobgoblin closely misses your hound.
Your hound bites the hound.
The hound closely misses your hound.
You could not reach far enough!
Your hound bites the hound.
The hound closely misses your hound. The hobgoblin barely misses your hound.
You reach to attack!
You hit the hound.
You kill the hound!
Lugonu accepts your kill. The hobgoblin hits your hound.
Your hound bites the hobgoblin.
The hobgoblin dies!
Lugonu accepts your kill.
No target in view!
Your hound disappears in a puff of smoke!
q - 2 curare-tipped darts {=f} 😎 MP[+3]
Your mp is fully restored (9).
You see here a hobgoblin corpse.
A black bear is nearby!
Casting: Call Canine Familiar (quite dangerous; 17% risk of failure)
Confirm with . or Enter, or press ? or * to list all spells.
The spell is quite dangerous to cast (17% risk of failure)!
Continue anyway?
The black bear growls angrily. 😎 MP[-3]
You lost 3 mp, and now have 6/9 mp.
The black bear bites your hound. The black bear claws your hound. x2
Your hound bites the black bear.
The black bear bites your hound but does no damage.
The black bear misses your hound. The black bear claws your hound.
You could not reach far enough!
Your hound barely misses the black bear. x2
The black bear bites your hound.
Your hound dies!
Your hound's corpse disappears in a puff of smoke!
You reach to attack!
You hit the black bear. You closely miss the black bear.
Your kick misses the black bear. You hit the black bear.
The black bear bites you. The black bear claws you.
The black bear barely misses you. 😕 HP[-5]
You take 5 damage, and now have 33/38 hp.
You hit the black bear. You claw the black bear.
The black bear closely misses you. The black bear completely misses you.
The black bear claws you but does no damage. 😕 HP[+1]
You hit the black bear.
You peck the black bear, but do no damage.
The black bear bites you. The black bear claws you. x2 😮 HP[-7]
You take 7 damage, and now have 27/38 hp.
You are too injured to fight recklessly!
You are too injured to fight recklessly!
Unknown command.
You hit the black bear. Your kick misses the black bear.
The black bear bites you! The black bear completely misses you.
The black bear misses you. 😮 HP[-7] MP[+1]
You take 7 damage, and now have 20/38 hp.
You closely miss the black bear. Your kick misses the black bear.
The black bear bites you.
* * * LOW HITPOINT WARNING * * *
The black bear misses you. x2 😨 HP[-6]
You take 6 damage, and now have 14/38 hp.
Unknown command.
Casting: Call Canine Familiar (quite dangerous; 17% risk of failure)
Confirm with . or Enter, or press ? or * to list all spells.
The spell is quite dangerous to cast (17% risk of failure)!
Continue anyway?
The black bear bites you.
* * * LOW HITPOINT WARNING * * *
The black bear misses you. x2 😨 HP[-4] MP[-3]
You take 4 damage, and now have 10/38 hp.
You lost 3 mp, and now have 4/9 mp.
Your hound closely misses the black bear. 😨 HP[+1]
Your hound bites the black bear.
The black bear goes berserk!
Reach: a) +1 spear
Press: ? - help, Dir - move target, f/p - black bear
Aim: a black bear (severely wounded, berserk, ally target, about 28% to evade your +1 spear)
You reach to attack!
You hit the black bear but do no damage.
Your hound bites the black bear but does no damage. 😨 MP[+1]
The black bear bites you!
You die...

Skill      XL: |  1  2  3  4  5 |
---------------+----------------+-----
Invocations    | 2 |  2.9
Dodging        | 2 3 |  3.0
Summonings     | 1 2 |  2.7
Polearms       | 3 |  3.6
Fighting       | 4 |  4.0
Armour         | |  2.1

Action                   |  1- 3 |  4- 6 || total
-------------------------+-------+-------++-------
Melee: Spear             |   104 |   152 ||   256
       Kick              |    24 |    47 ||    71
       Peck              |    17 |    22 ||    39
       Hunting sling     |       |     1 ||     1
 Fire: Hunting sling     |    12 |     7 ||    19
 Cast: Call Canine Famil |       |     3 ||     3
Invok: Depart the Abyss  |     1 |       ||     1
       Bend Space        |       |     1 ||     1
  Use: Scroll            |     4 |       ||     4
       Potion            |     1 |       ||     1
 Stab: Sleeping          |     1 |     1 ||     2
       Distracted        |       |     1 ||     1
Armor: Leather armour    |    21 |    23 ||    44
Dodge: Dodged            |    47 |    68 ||   115

Levels and vault maps discovered:
D:1:      tarquinn_simple_flora_water_c, layout_loops_ring,
          shapermc_ecumenical_altar_acropolis, corexii_corridor_pit,
          kennysheep_flooded_box, minmay_pentomino_u2
D:2:      layout_rooms, feat_on_display
D:3:      layout_loops_ring, nemelex_xobeh_ov_fountains_minmay, serial_undead,
          serial_undead_a, serial_undead_c, serial_undead_e, serial_undead_c,
          serial_undead_a, serial_undead_f
D:4:      layout_loops_ring, minmay_pentomino_pile, uniq_menkaure

Notes
Turn   | Place    | Note
-------+----------+-------------------------------------------
     0 | Abyss:1  | spiderkeys the Tengu Abyssal Knight began the quest for the
                  | Orb.
     0 | Abyss:1  | Reached XP level 1. HP: 14/14 MP: 3/3
     0 | Abyss:1  | magus.rc [v1.9.10]
    15 | Abyss:1  | Found a radiant altar of Vehumet.
    65 | Abyss:1  | Found a snail-covered altar of Cheibriados.
   114 | Abyss:1  | You pick up a book of Frost and begin reading...
   114 | Abyss:1  | You add the spells Freeze, Frozen Ramparts and Hailstorm to
                  | your library.
   196 | Abyss:3  | Noticed a ynoxinul
   206 | Abyss:3  | Noticed a large abomination
   228 | Abyss:3  | You pick up a book of Annihilations and begin reading...
   228 | Abyss:3  | You add the spells Chain Lightning, Fire Storm and Shatter
                  | to your library.
   229 | D:1      | You pass through the gate.
   229 | D:1      | Escaped the Abyss
   370 | D:1      | Reached * piety under Lugonu
   380 | D:1      | Reached XP level 2. HP: 19/19 MP: 4/4
   482 | D:1      | You pick up a book of Callings and begin reading...
   482 | D:1      | You add the spells Summon Small Mammal, Call Canine
                  | Familiar and Summon Guardian Golem to your library.
   510 | D:1      | Learned a level 1 spell: Summon Small Mammal
   802 | D:1      | Reached skill level 2 in Invocations
   971 | D:1      | Reached XP level 3. HP: 23/23 MP: 5/5
  1276 | D:1      | Found a faded altar of an unknown god.
  1496 | D:2      | Reached skill level 2 in Dodging
  1585 | D:2      | Reached skill level 1 in Summonings
  1930 | D:2      | Reached XP level 4. HP: 28/28 MP: 6/6
  2122 | D:3      | HP: 7/28 [poisoned by an adder]
  2590 | D:3      | Reached skill level 3 in Polearms
  2683 | D:3      | Reached ** piety under Lugonu
  2791 | D:3      | Found a sparkling altar of Nemelex Xobeh.
  3247 | D:3      | Gained mutation: Your magical nature lets you fly swiftly
                  | and evasively. [Tengu growth]
  3247 | D:3      | Reached XP level 5. HP: 26/33 MP: 7/7
  3355 | D:3      | Reached skill level 2 in Summonings
  3359 | D:3      | Learned a level 3 spell: Call Canine Familiar
  3898 | D:4      | Noticed a hornet
  3996 | D:4      | Noticed a black bear
  4179 | D:4      | Noticed Menkaure
  4330 | D:3      | HP: 6/33 [??? (3)]
  4725 | D:4      | Reached skill level 4 in Fighting
  4725 | D:4      | Reached skill level 3 in Dodging
  4725 | D:4      | Reached XP level 6. HP: 38/38 MP: 9/9
  4792 | D:4      | Slain by a black bear

Vanquished Creatures
  A howler monkey (D:4)
  A centaur zombie (D:3)
  A hound (D:4)
  An iguana (D:4)
  4 adders
  15 orcs
  10 endoplasms
  2 giant cockroaches
  9 goblins
  9 hobgoblins
  10 jackals
  5 kobolds
  3 quokkas
  3 ball pythons
  A ball python skeleton (D:3)
  3 bats
  2 frilled lizards
  A quokka zombie (D:3)
  6 rats (D:1)
87 creatures vanquished.

Vanquished Creatures (collateral kills)
  A hobgoblin (D:4)
1 creature vanquished.

Vanquished Creatures (others)
  3 withered plants (D:3)
3 creatures vanquished.

Grand Total: 91 creatures vanquished

Table legend:
 A = Non-vault XP
 B = Vault XP
 C = Vault XP percentage of total XP
 D = Non-vault monster count
 E = Vault monster count
 F = Vault count percentage of total count
                 A         B        C        D         E       F
            +---------+---------+-------+---------+---------+-------
      Total |     290 |      96 |  24.9 |      79 |       9 |  10.2
            +---------+---------+-------+---------+---------+-------
        D:1 |      47 |       2 |   4.1 |      29 |       1 |   3.3
        D:2 |      47 |       0 |   0.0 |      13 |       0 |   0.0
        D:3 |      82 |      48 |  36.9 |      25 |       3 |  10.7
        D:4 |     114 |      46 |  28.8 |      12 |       5 |  29.4
            +---------+---------+-------+---------+---------+-------

Illustrated notes

Table legend:
 A = Kills in this place as a percentage of kills in entire the game.
 B = Kills by you in this place as a percentage of kills by you in the entire game.
 C = Kills by friends in this place as a percentage of kills by friends in the entire game.
 D = Other kills in this place as a percentage of other kills in the entire game.
 E = Experience gained in this place as a percentage of experience gained in the entire game.
 F = Experience gained in this place divided by the number of levels of this place that you have seen.
                   A       B       C       D       E      F
               +-------+-------+-------+-------+-------+----------------------
         Total | 100.0 | 100.0 | 100.0 |   N/A | 100.0 |  55.1
       Dungeon | 100.0 | 100.0 | 100.0 |   N/A | 100.0 |  96.5
               +-------+-------+-------+-------+-------+----------------------

Table legend: (Time is in decaauts)
 A = Elapsed time spent in this place.
 B = Non-inter-level travel time spent in this place.
 C = Inter-level travel time spent in this place.
 D = Time resting spent in this place.
 E = Time spent auto-exploring this place.
 F = Levels seen in this place.
 G = Mean time per level.
                   A        B        C        D        E       F      G
               +--------+--------+--------+--------+--------+-----+--------+
         Total |   4709 |   4629 |     80 |    714 |   3020 |   7 |  672.7 |
       Dungeon |   4480 |   4400 |     80 |    714 |   2972 |   4 | 1120.0 |
         Abyss |    228 |    228 |      0 |      0 |     48 |   3 |   76.0 |
               +--------+--------+--------+--------+--------+-----+--------+

Top non-repeatable levels by time:
     D:3: 1896 daAuts
     D:1: 1251 daAuts
     D:2: 852 daAuts
     D:4: 480 daAuts
 Abyss:1: 130 daAuts
 Abyss:3: 79 daAuts
 Abyss:2: 18 daAuts
